AoeStats
← jantotu

Arabia

509625085Analyzed
1v1 RM · 6d ago on Sep 27, 2026· 48m 51s· 2 players
Game mode
Random Map
Map size
Tiny (2 player)
Population
200
Speed
Normal
Resources
Standard
Victory
Conquest
Starting age
Dark Age
Ending age
Imperial Age
RankedLock teamsTeams togetherTeam positionsShared explorationLock speedFull tech treeHidden civsTurbo modeCheats
Victory
Defeat
🇨🇭 Inca · Switzerland
1246
+15
🇦🇷 Malians · Argentina
1230
-15
Lady Malbec
7:33 Loom
10:00 Feudal Age
11:55 Double-Bit Axe
13:13 Horse Collar
19:52 Castle Age
19:42 Man-at-Arms
22:26 Long Swordsman
25:22 Fletching
29:28 Bow Saw
30:23 Wheelbarrow
31:06 Scale Mail Armor
35:20 Heavy Plow
35:08 Town Watch
38:01 Hand Cart
39:29 Bloodlines
39:19 Husbandry
39:25 Squires
39:42 Chain Mail Armor
43:18 Imperial Age
40:59 Gold Mining
42:39 Stone Mining
44:06 Forging
44:29 Conscription
45:27 Plate Mail Armor
44:19 Two-Handed Swordsman
jantotu
12:03 Feudal Age
12:25 Loom
12:36 Double-Bit Axe
14:44 Champi Runner
17:26 Scale Mail Armor
23:59 Castle Age
22:15 Fletching
24:59 Champi Warrior
28:27 Elite Skirmisher
29:39 Bow Saw
31:30 Bodkin Arrow
31:36 Padded Archer Armor
31:47 Forging
31:40 Horse Collar
34:36 Wheelbarrow
34:58 Pikeman
37:23 Hand Cart
38:02 Ballistics
41:21 Imperial Age
39:32 Gold Mining
40:11 Chain Mail Armor
40:12 Leather Archer Armor
40:59 Squires
42:21 Iron Casting
42:54 Plate Mail Armor
45:02 Blast Furnace
43:38 Elite Champi Warrior
44:35 Bracer
45:27 Fabric Shields
45:48 Conscription
49:15 Chemistry
48:21 Siege Engineers
48:27 Masonry
49:18 Ring Archer Armor
Connection lost

Rejoining the realm…

Still unreachable

The connection could not be restored.

Session expired

The server has moved on; the page needs a fresh start.